 Dungeon Crawl Stone Soup version 0.21-a0-223-g812f45e (webtiles) character file.

5365 pokedragonboy the Destroyer (level 10, -12/50 HPs)
             Began as a Deep Elf Conjurer on Aug 27, 2017.
             Was an Initiate of Vehumet.
             Mangled by a two-headed hydra (14 damage)
             ... on level 8 of the Dungeon.
             The game lasted 00:38:53 (10611 turns).

pokedragonboy the Destroyer (Deep Elf Conjurer)    Turns: 10611, Time: 00:38:54

Health: -12/50     AC:  4    Str:  5    XL:     10   Next: 39%
Magic:  20/34      EV: 13    Int: 24    God:    Vehumet [......]
Gold:   476        SH:  0    Dex: 15    Spells: 10/28 levels left

rFire    + . .     SeeInvis .   a - +2 whip (freeze)
rCold    + . .     Gourm    .   (no shield)
rNeg     . . .     Faith    .   n - +0 robe
rPois    +         Spirit   .   (no helmet)
rElec    +         Reflect  .   e - +0 cloak
rCorr    +         Harm     .   t - +0 pair of gloves
MR       +....                  (no boots)
Stlth    ++........             (no amulet)
HPRegen  0.16/turn              f - ring of poison resistance
MPRegen  0.24/turn              M - ring of magical power

@: resistant
A: no striking features
a: Renounce Religion


You were on level 8 of the Dungeon.
You worshipped Vehumet.
Vehumet was noncommittal.
You were not hungry.

You visited 2 branches of the dungeon, and saw 9 of its levels.
You also visited: Ossuary.

You collected 476 gold pieces.

Inventory:

Hand Weapons
 a - a +2 whip of freezing (weapon)
 b - a -2 blowgun
 g - a +0 dagger
Missiles
 k - 21 poisoned needles
 L - a throwing net (quivered)
Armour
 e - a +0 cloak (worn)
 n - a +0 robe (worn)
 t - a +0 pair of gloves (worn)
Jewellery
 f - a ring of poison resistance (left hand)
 i - an uncursed ring of ice
 B - an uncursed ring of protection from cold
 M - a ring of magical power (right hand)
 O - an uncursed ring of fire
Wands
 v - a wand of acid (8/15)
 x - a wand of acid (10/15)
 H - a wand of enslavement (12/24)
 K - a wand of polymorph (12/24)
Scrolls
 j - a scroll of fear
 l - 9 scrolls of remove curse
 p - a scroll of recharging {unknown}
 w - 3 scrolls of fog
 y - 4 scrolls of enchant weapon
 E - 2 scrolls of immolation {unknown}
 F - a scroll of vulnerability {unknown}
 G - a scroll of teleportation
 J - a scroll of blinking {unknown}
 N - a scroll of enchant armour {unknown}
 Q - 2 scrolls of amnesia {unknown}
Potions
 d - 3 potions of curing
 m - 2 potions of mutation {unknown}
 q - 2 potions of flight {unknown}
 r - 2 potions of invisibility
 s - a potion of lignification {unknown}
 u - 2 potions of agility
 z - a potion of heal wounds {unknown}
 A - a potion of resistance
 D - 3 potions of might
 I - a potion of berserk rage {unknown}
Books
 h - a book of Conjurations

   Spells                             Type                      Level
   a - Magic Dart                     Conjuration                  1
   b - Searing Ray                    Conjuration                  2
   c - Dazzling Spray                 Conjuration/Hexes            3
   d - Fulminant Prism                Conjuration/Hexes            4
   e - Force Lance                    Conjuration/Translocation    4
   f - Iskenderun's Mystic Blast      Conjuration                  4
Comestibles
 c - 4 bread rations
 o - 6 meat rations
 C - 5 royal jellies
 P - 12 chunks of flesh
 R - 12 fruits


   Skills:
 - Level 2.4 Dodging
 - Level 2.4 Stealth
 + Level 9.9 Spellcasting
 * Level 11.4 Conjurations
 - Level 9.0 Hexes
 * Level 7.1 Translocations


You had 10 spell levels left.
You knew the following spells:

 Your Spells              Type           Power        Failure   Level  Hunger
a - Magic Dart            Conj           ####         1%          1    None
b - Searing Ray           Conj           ######       1%          2    None
c - Dazzling Spray        Conj/Hex       ######       1%          3    None
d - Fulminant Prism       Conj/Hex       ######....   1%          4    #......
e - Iskenderun's Mystic   Conj           ######..     1%          4    #......
f - Force Lance           Conj/Tloc      ######..     1%          4    #......


Dungeon Overview and Level Annotations

Branches:
Dungeon (8/15)             Temple (1/1) D:5
   Lair: D:8-11

Altars:
Ashenzari
Cheibriados
Dithmenos
Elyvilon
Fedhas
Gozag
Hepliaklqana
Kikubaaqudgha
Makhleb
Nemelex Xobeh
Okawaru
Qazlal
Ru
Sif Muna
Trog
Uskayaw
Vehumet
Wu Jian
Xom
Yredelemnul
Zin

Annotations:
D:2 Sigmund


Message History

The floor.
Casting: Fulminant Prism
Confirm with . or Enter, or press ? or * to list all spells.
Aiming: Fulminant Prism
Press: ? - help, Dir - move target cursor, p - two-headed hydra You conjure a prism of explosive energy!
The two-headed hydra closely misses you.
The two-headed hydra bites you!
* * * LOW HITPOINT WARNING * * *
Your fulminant prism crackles loudly.
Your fulminant prism explodes!
The blast of energy engulfs the two-headed hydra.
The two-headed hydra is almost dead.
Okay, then.
There's nothing to open nearby.
Okay, then.
It was a potion of resistance.
You feel protected. The two-headed hydra bites you!
You die...

#####.. #.....).# #.#
####.#### #.# #.# #.# #.#
#####.# #.#
...##.#####################.#
##.#..^.#..#(....##...<.....#
...#.####..'....≈##.#########
.....# #..'...D@##.#
##.#.####..'..).÷...#
##.#....#..#..÷.)####
...###.##)##≈≈≈.≈# ##.#
#..#%.#≈≈≈≈P# ...#
####.)+.P≈PP# ####
########### #.# #.#


You could see a two-headed hydra.

Vanquished Creatures
  A centaur skeleton (D:7)
  Grinder (D:3)
  2 dream sheep (D:8)
  A vampire (D:6)
  Eustachio (D:6)
  2 yaks (D:8)
  2 hungry ghosts
  Edmund (D:6)
  A water moccasin (D:8)
  3 sky beasts
  2 orc warriors
  5 phantoms
  2 ogres
  3 centaurs
  3 big kobolds (D:8)
  4 bullfrogs
  A water moccasin zombie (D:8)
  A scorpion (D:6)
  5 wights (D:5)
  2 howler monkeys
  An electric eel (D:6)
  2 centaur zombies
  2 gnoll shamans
  A jelly (D:7)
  2 orc priests (D:5)
  3 hounds
  5 orc wizards
  5 iguanas
  3 worker ants
  Ijyb (D:3)
  Natasha (thrice) (D:4)
  A killer bee zombie (D:7)
  3 big kobold zombies (Ossuary)
  2 mummies (Ossuary)
  3 hound skeletons
  19 gnolls
  6 adders
  3 oozes
  4 adder zombies (Ossuary)
  3 worms
  3 dart slugs
  6 leopard geckos
  18 orcs
  A ball python (D:4)
  5 giant cockroaches
  3 gnoll zombies (Ossuary)
  8 goblins
  10 hobgoblins
  2 quokkas
  8 bats
  4 frilled lizards
  6 hobgoblin zombies (Ossuary)
  9 kobolds
  6 kobold zombies (Ossuary)
  A leopard gecko zombie (D:7)
  7 orc zombies (Ossuary)
  A quokka zombie (D:2)
  4 rats
  3 plants (D:8)
220 creatures vanquished.

Vanquished Creatures (others)
  A big kobold zombie (Ossuary)
  23 fulminant prisms
24 creatures vanquished.

Grand Total: 244 creatures vanquished

Notes
Turn   | Place    | Note
-------+----------+-------------------------------------------
     0 | D:1      | pokedragonboy the Deep Elf Conjurer began the quest for the Orb.
     0 | D:1      | Reached XP level 1. HP: 10/10 MP: 6/6
   161 | D:1      | Reached XP level 2. HP: 15/15 MP: 6/8
   177 | D:1      | Reached skill level 5 in Conjurations
   274 | D:1      | Reached XP level 3. HP: 17/19 MP: 0/10
   363 | D:1      | Learned a level 2 spell: Searing Ray
   367 | D:1      | Learned a level 3 spell: Dazzling Spray
   795 | D:2      | Reached skill level 1 in Hexes
  1109 | D:2      | Reached XP level 4. HP: 24/24 MP: 3/12
  1366 | D:2      | Learned a level 4 spell: Iskenderun's Mystic Blast
  1439 | D:2      | Noticed Sigmund
  1980 | D:3      | Noticed Ijyb
  1990 | D:3      | Killed Ijyb
  1990 | D:3      | Reached XP level 5. HP: 28/28 MP: 2/14
  2547 | D:3      | Noticed Grinder
  2549 | D:3      | Paralysed by Grinder for 3 turns
  2596 | D:3      | Paralysed by Grinder for 3 turns
  2602 | D:3      | Paralysed by Grinder for 2 turns
  2681 | D:3      | Killed Grinder
  2681 | D:3      | Reached skill level 5 in Spellcasting
  2681 | D:3      | Reached skill level 6 in Conjurations
  2681 | D:3      | Reached XP level 6. HP: 24/32 MP: 1/16
  2782 | D:3      | Learned a level 4 spell: Fulminant Prism
  3084 | D:4      | Noticed Natasha
  3090 | D:4      | Killed Natasha
  3115 | D:4      | Reached skill level 5 in Hexes
  3385 | D:4      | Noticed Natasha
  3385 | D:4      | Reached XP level 7. HP: 36/36 MP: 10/17
  3388 | D:4      | Killed Natasha
  3478 | D:4      | Reached skill level 7 in Conjurations
  3556 | D:4      | Noticed Natasha
  3741 | D:4      | Killed Natasha
  4549 | D:5      | Entered Level 5 of the Dungeon
  4584 | D:5      | Found a shimmering altar of Xom.
  4676 | D:5      | Noticed a hungry ghost
  4683 | D:5      | Found a sand-covered staircase.
  4688 | Ossuary  | Entered an ossuary
  4699 | Ossuary  | Learned a level 4 spell: Force Lance
  5039 | Ossuary  | Reached XP level 8. HP: 31/41 MP: 9/19
  5619 | D:5      | Reached skill level 8 in Conjurations
  6354 | D:5      | Found a staircase to the Ecumenical Temple.
  6365 | Temple   | Entered the Ecumenical Temple
  6444 | D:5      | Reached skill level 9 in Conjurations
  6564 | D:5      | Found a shimmering altar of Xom.
  6622 | D:5      | Found a snail-covered altar of Cheibriados.
  6934 | D:6      | Reached skill level 1 in Translocations
  6966 | D:6      | Reached XP level 9. HP: 45/45 MP: 5/22
  7320 | D:6      | Noticed Edmund
  7330 | D:6      | Killed Edmund
  7808 | D:6      | Noticed Eustachio
  7858 | D:6      | Killed Eustachio
  7858 | D:6      | Reached skill level 10 in Conjurations
  8655 | D:7      | Found a shattered altar of Ashenzari.
  8920 | D:7      | Reached skill level 5 in Translocations
  9771 | D:7      | Found an iron altar of Okawaru.
  9848 | D:7      | Found a sacrificial altar of Ru.
  9848 | D:7      | Found a basalt altar of Yredelemnul.
  9853 | D:7      | Found a faded altar of an unknown god.
  9855 | D:7      | Found a radiant altar of Vehumet.
  9856 | D:7      | Found an ornate altar of the Wu Jian Council.
  9865 | D:7      | Became a worshipper of Vehumet
  9957 | D:8      | Reached XP level 10. HP: 46/50 MP: 25/25
 10105 | D:8      | Reached skill level 11 in Conjurations
 10599 | D:8      | Noticed a two-headed hydra
 10608 | D:8      | HP: 1/50 [two-headed hydra (13)]
 10611 | D:8      | Mangled by a two-headed hydra

Vault maps used:
D:1:      dpeg_arrival_rooms_a
D:2:      lemuel_upstairs_altar, first_bread, minivault_19, uniq_sigmund
D:3:      glass_columns_b, roderic_lattice_a, uniq_ijyb, uniq_grinder
D:4:      uniq_natasha
D:5:      cheibrodos_helix_gallery, cheibrodos_worm_habitat, kennysheep_mini,
          minmay_temple_entry_trees, enter_ossuary_5, serial_bayou_pond_d,
          xom_teletrap_fun
D:6:      fountainhead, uniq_eustachio, uniq_edmund
D:7:      lemuel_coloured_pillars_altar, chequers_temple_overflow_minitemple,
          minivault_25, evilmike_ruin_ashenzari
D:8:      cheibrodos_ideogram_h, hangedman_ranch
Temple:   eino_temple_lava
Ossuary:  ossuary_tomb_2

Skill      XL: |  1  2  3  4  5  6  7  8  9 10 |
---------------+-------------------------------+-----
Conjurations   | 5 6 7 9 10 11 | 11.4
Spellcasting   | 4 5 6 7 9 |  9.9
Hexes          | 1 3 4 5 6 9 |  9.0
Translocations | 2 5 7 |  7.1
Dodging        | |  2.4
Stealth        | |  2.4

Action                   |  1- 3 |  4- 6 |  7- 9 | 10-12 || total
-------------------------+-------+-------+-------+-------++-------
Melee: Dagger            |     9 |       |       |       ||     9
       Whip              |       |    10 |    13 |       ||    23
 Fire: Blowgun           |       |       |     3 |       ||     3
 Cast: Magic Dart        |    57 |    61 |   190 |    14 ||   322
       Searing Ray       |     2 |     7 |    27 |     4 ||    40
       Dazzling Spray    |     1 |    10 |    22 |     3 ||    36
       Iskenderun's Myst |       |     4 |    50 |    12 ||    66
       Fulminant Prism   |       |       |    17 |     6 ||    23
       Force Lance       |       |       |     5 |     3 ||     8
  Use: Scroll            |     2 |     6 |     4 |       ||    12
       Potion            |       |     4 |     1 |     1 ||     6
  Eat: Chunk             |       |     8 |    18 |       ||    26
       Fruit             |       |       |     4 |       ||     4
       Bread ration      |       |       |     1 |       ||     1
       Meat ration       |       |       |       |     1 ||     1
Armor: Robe              |     4 |     6 |    15 |     2 ||    27
Dodge: Dodged            |     9 |    19 |    71 |     7 ||   106

Table legend:
 A = Spawn XP
 B = Non-spawn XP
 C = Spawn XP percentage of total XP
 D = Spawn monster count
 E = Non-spawn monster count
 F = Spawn count percentage of total count
 G = Total turns spent on level
                    A         B        C        D         E        F      G
               +---------+---------+-------+---------+---------+-------+---------
         Total |     658 |    7007 |   8.6 |      26 |     191 |  12.0 | 10611
               +---------+---------+-------+---------+---------+-------+---------
           D:1 |       4 |      53 |   7.0 |       2 |      20 |   9.1 |   757
           D:2 |      14 |      55 |  20.3 |       2 |      20 |   9.1 |   861
           D:3 |      24 |     382 |   5.9 |       7 |      11 |  38.9 |  1771
           D:4 |     151 |     479 |  24.0 |       3 |      22 |  12.0 |  1238
           D:5 |      84 |    1104 |   7.1 |       3 |      25 |  10.7 |  1310
           D:6 |      91 |    1507 |   5.7 |       2 |      21 |   8.7 |  1439
           D:7 |     290 |    1062 |  21.4 |       7 |      24 |  22.6 |  1585
           D:8 |       0 |    2173 |   0.0 |       0 |      17 |   0.0 |   661
       Ossuary |       0 |     192 |   0.0 |       0 |      31 |   0.0 |   920
               +---------+---------+-------+---------+---------+-------+---------
